 Dungeon Crawl Stone Soup version 0.30-a0-39-g42789b21ef (webtiles) character file.

Game seed: 5216353413499545294

237644 nono the Warrior (level 18, -1/170 HPs)
             Began as a Palentonga Fighter on Aug 28, 2022.
             Was a Priest of Okawaru.
             Slain by a peacekeeper (20 damage)
             ... on level 4 of the Vaults.
             The game lasted 02:13:25 (38464 turns).

nono the Warrior (Palentonga Fighter)              Turns: 38464, Time: 02:13:26

Health: -1/170     AC: 55    Str: 25    XL:     18   Next: 97%
Magic:  35/35      EV:  6    Int: 14    God:    Okawaru [***...]
Gold:   2132       SH:  5    Dex: 14    Spells: 17/17 levels left

rFire   + + .      SeeInvis +    I - +9 executioner's axe (vorpal)
rCold   + + .      Faith    .    (shield currently unavailable)
rNeg    + + .      Spirit   .    F - +9 gold dragon scales "Vyces" {rPois rF+ rC+ Will+ Int+4}
rPois   +          Reflect  +    P - +0 helmet "Zolar" {Will+ rCorr}
rElec   +          Harm     .    G - +2 cloak {Will+}
rCorr   +          Rampage  .    f - +0 pair of gloves
Will    ++++.      Clarity  +    U - +3 barding {rC+}
Stlth   ..........               O - amulet of reflection
HPRegen 0.38/turn                H - ring "Puriynon" {Fly rN+ MP+9 Str-3 Slay+5}
MPRegen 0.24/turn                T - ring "Rane Rocidgh" {rF+ rN+ Dex+4}

@: heroic, flying, curled up
A: large, rugged brown scales 3, see invisible, deformed body, roll 1, armoured
tail, reflexive curl, clarity, electricity resistance
}: 1/15 runes: decaying
a: Rolling Charge, Renounce Religion, Heroism


You were on level 4 of the Vaults.
You worshipped Okawaru.
Okawaru was most pleased with you.
You visited 6 branches of the dungeon, and saw 31 of its levels.
You visited 1 bazaar.
You also visited: Trove, Sewer, Ossuary and Bailey.

You collected 3731 gold pieces.
You spent 1599 gold pieces at shops.

Inventory:

Hand Weapons
 h - a +5 battleaxe of draining
 k - a +4 demon whip
 I - a +9 vorpal executioner's axe (weapon)
 N - a +2 battleaxe of flaming
 Y - a +0 broad axe of venom
Missiles
 S - 4 throwing nets
Armour
 f - a +0 pair of gloves (worn)
 l - a +2 helmet
 y - the +3 barding of a sewer {rF- rC+++ Will+ Str+4}
   (You found it in a treasure trove)

   Str:       It affects your strength (+4).
   rF:        It makes you vulnerable to fire.
   rC:        It renders you almost immune to cold.
   Will:      It increases your willpower.
 F - the +9 gold dragon scales "Vyces" (worn) {rPois rF+ rC+ Will+ Int+4}
   (You found it in a bailey)

   Int:       It affects your intelligence (+4).
   rF:        It protects you from fire.
   rC:        It protects you from cold.
   rPois:     It protects you from poison.
   Will:      It increases your willpower.
 G - a +2 cloak of willpower (worn)
 K - a +0 tower shield of poison resistance
 P - the +0 helmet "Zolar" (worn) {Will+ rCorr}
   (You found it on level 8 of the Dungeon)

   rCorr:     It protects you from acid and corrosion.
   Will:      It increases your willpower.
 Q - the +2 barding "Essaqom" {rElec rPois rN++ Will-}
   (Okawaru gifted it to you on level 2 of the Lair of Beasts)

   rElec:     It insulates you from electricity.
   rPois:     It protects you from poison.
   rN:        It greatly protects you from negative energy.
   Will:      It decreases your willpower.
 U - a +3 barding of cold resistance (worn)
 Z - the +10 Black Knight's barding {ponderous, rPois rN+}
   (Okawaru gifted it to you on level 10 of the Dungeon)

   rPois:     It protects you from poison.
   rN:        It protects you from negative energy.
Jewellery
 j - a +4 ring of protection
 m - a ring of ice
 n - the ring of Immorality {rN+ Str+6}
   (You found it in a treasure trove)

   [ring of positive energy]

   Str:       It affects your strength (+6).
   rN:        It protects you from negative energy.
 q - the macabre finger necklace {rN+}
   (You found it on level 3 of the Dungeon)

   [amulet of nothing]

   It enables you to equip an extra ring.
   rN:        It protects you from negative energy.
 u - a +4 ring of evasion
 H - the ring "Puriynon" (left hand) {Fly rN+ MP+9 Str-3 Slay+5}
   (You found it in a treasure trove)

   [ring of positive energy]

   Str:       It affects your strength (-3).
   Slay:      It affects your accuracy & damage with ranged weapons and melee
   (+5).
   rN:        It protects you from negative energy.
   MP:        It affects your magic capacity (+9).
   Fly:       It grants you flight.
 O - an amulet of reflection (around neck)
 T - the ring "Rane Rocidgh" (right hand) {rF+ rN+ Dex+4}
   (You found it in a treasure trove)

   [ring of positive energy]

   Dex:       It affects your dexterity (+4).
   rF:        It protects you from fire.
   rN:        It protects you from negative energy.
Wands
 p - a wand of mindburst (27)
 s - a wand of digging (9)
 J - a wand of roots (38)
 L - a wand of quicksilver (10)
Scrolls
 a - 5 scrolls of identify
 b - 2 scrolls of fear
 e - 8 scrolls of blinking
 i - 2 scrolls of poison
 r - 2 scrolls of enchant weapon
 t - a scroll of brand weapon
 x - 9 scrolls of teleportation
 E - 2 scrolls of magic mapping
 V - a scroll of immolation
Potions
 c - 5 potions of resistance
 d - 2 potions of berserk rage
 g - a potion of ambrosia
 o - 9 potions of mutation
 v - 5 potions of flight
 w - 4 potions of heal wounds
 z - 8 potions of lignification
 A - a potion of might
 B - 3 potions of magic
 C - 10 potions of curing
 D - 4 potions of attraction
 M - 7 potions of brilliance
 R - 6 potions of haste
 W - 2 potions of invisibility
 X - 3 potions of cancellation


   Skills:
 + Level 18.8(23.8) Fighting
 + Level 18.6(23.6) Axes
 + Level 15.9(20.9) Armour
 - Level 7.0(12.0) Dodging
 - Level 8.0(13.0) Shields
 - Level 11.0 Invocations


You had 17 spell levels left.
You didn't know any spells.
Your spell library contained the following spells:

 Spells                   Type           Power      Damage    Failure   Level
 Magic Dart               Conj           0%         1d3       98%         1
 Sandblast                Erth           0%         2d4       98%         1
 Blink                    Tloc           0%         N/A       99%         2
 Ensorcelled Hibernation  Hex/Ice        0%         N/A       99%         2
 Passwall                 Tmut/Erth      0%         N/A       99%         2
 Poisonous Vapours        Pois/Air       0%         N/A       99%         2
 Sublimation of Blood     Necr           0%         N/A       99%         2
 Ignite Poison            Fire/Tmut/Pois 0%         N/A       100%        3
 Inner Flame              Hex/Fire       0%         N/A       100%        3
 Mephitic Cloud           Conj/Pois/Air  0%         N/A       100%        3
 Spider Form              Tmut/Pois      0%         N/A       100%        3
 Stone Arrow              Conj/Erth      0%         3d7       100%        3
 Airstrike                Air            0%         2d(0-16)  100%        4
 Anguish                  Hex/Necr       0%         N/A       100%        4
 Cause Fear               Hex            0%         N/A       100%        4
 Corpse Rot               Necr/Pois/Air  0%         N/A       100%        4
 Dispel Undead            Necr           0%         3d6       100%        4
 Petrify                  Tmut/Erth      0%         N/A       100%        4
 Blade Hands              Tmut           0%         N/A       100%        5
 Borgnjor's Vile Clutch   Necr/Erth      0%         N/A       100%        5
 Freezing Cloud           Conj/Ice/Air   0%         6-21      100%        5
 Irradiate                Conj/Tmut      0%         3d11      100%        5
 Lightning Bolt           Conj/Air       0%         1d11      100%        5
 Manifold Assault         Tloc           0%         N/A       100%        5
 Iron Shot                Conj/Erth      0%         9d1       100%        6
 Orb of Destruction       Conj           0%         9d5       100%        7
 Storm Form               Tmut/Air       0%         N/A       100%        7
 Borgnjor's Revivificati  Necr           0%         N/A       100%        8
 Discord                  Hex            0%         N/A       100%        8
 Necromutation            Tmut/Necr      0%         N/A       100%        8
 Death's Door             Necr           0%         N/A       100%        9
 Call Imp                 Summ           Unusable   N/A       N/A         2
 Summon Guardian Golem    Hex/Summ       Unusable   N/A       N/A         3
 Animate Armour           Summ/Erth      Unusable   N/A       N/A         4
 Animate Dead             Necr           Unusable   N/A       N/A         4
 Summon Lightning Spire   Summ/Air       Unusable   N/A       N/A         4
 Death Channel            Necr           Unusable   N/A       N/A         6
 Spellforged Servitor     Conj/Summ      Unusable   N/A       N/A         7

Dungeon Overview and Level Annotations

Branches:
Dungeon (15/15)            Temple (1/1) D:4            Lair (5/5) D:9
  Swamp (4/4) Lair:2        Snake (0/4) Lair:3        Slime (0/5) Lair:4
    Orc (2/2) D:11            Elf (0/3) Orc:2        Vaults (4/5) D:14
 Depths (0/4) D:15          Sewer (visited)         Ossuary (visited)
 Bailey (visited)
  Crypt: Vaults:2-3

Altars:
Ashenzari
Cheibriados
Dithmenos
Elyvilon
Fedhas
Gozag
Kikubaaqudgha
Nemelex Xobeh
Okawaru
Qazlal
Ru
Trog
Uskayaw
Vehumet
Wu Jian
Xom
Yredelemnul
Zin
The Shining One

Shops:
D:5 :   D:14 !(:?   Orc:1 ?   Orc:2 :*(   Vaults:3 [

Portals:
Abyss: Lair:2

Annotations:
Lair:2 2 transporters, qborf's ghost, journeyman DEFE


Innate Abilities, Weirdness & Mutations

You are completely covered in rugged brown scales. (AC +3, +7% HP)
You have supernaturally acute eyesight. (SInv)
Armour fits poorly on your strangely shaped body.
You can roll at nearby foes to attack.
You have a long armoured tail.
You curl defensively after being hit. (AC +7*)
You possess an exceptional clarity of mind.
You are resistant to electric shocks. (rElec)


Message History

The war gargoyle hits you with a +0 flail!!
The crystal guardian hits you.
The crystal guardian fires a crystalline bolt at you.
The crystal bolt burns the crystal guardian.
The crystal guardian completely resists.
The crystal bolt burns you but does no damage.
You resist. The crystal bolt burns you! You resist.
You slice the crystal guardian!!
You destroy the crystal guardian!
Okawaru accepts your kill.
You hit the war gargoyle but do no damage.
You hit the peacekeeper but do no damage.
The war gargoyle hits you but does no damage.
The peacekeeper bites you but does no damage.
The peacekeeper claws you but does no damage.
The crystal guardian fires a crystalline bolt at you.
The crystal bolt freezes you! You resist.
* * * LOW HITPOINT WARNING * * *
The crystal bolt freezes you! You resist.
* * * LOW HITPOINT WARNING * * *
The peacekeeper attacks as you move away!
The peacekeeper bites you but does no damage.
The peacekeeper barely misses you.
The war gargoyle launches metal splinters at you.
The spray of metal splinters hits you but does no damage.
The peacekeeper bites you!
* * * LOW HITPOINT WARNING * * *
The peacekeeper claws you but does no damage.
There is an open door, spattered with blood here.
The peacekeeper barely misses you. The peacekeeper claws you.
* * * LOW HITPOINT WARNING * * *
The peacekeeper attacks as you move away!
The peacekeeper bites you but does no damage.
The peacekeeper claws you but does no damage.
The peacekeeper hurls a volley of spikes at you.
The volley of spikes hits you but does no damage.
There is an escape hatch in the ceiling here.
The war gargoyle no longer looks unusually strong.
The peacekeeper bites you!!
You die...

#.........#
#.........#
#.........#
#.....<...#
#.........#
#.........# #........
#.........# #........
#######+#'###........
#.....@..#........
#....99..#........
#..(.....#........
#.......9#).......
#........'.[......
#........#.)......
#........#........
#........#........
#........#.....###


You could see a crystal guardian (strong), a war gargoyle and a peacekeeper
(strong).

Vanquished Creatures
  Frederick (Vaults:3)
  Nikola (Vaults:1)
  A tentacled monstrosity (Swamp:3)
  A sphinx (Vaults:1)
  Kirke (D:12)
  A storm dragon (Vaults:4)
  A tengu reaver (Vaults:3)
  A thorn hunter (Swamp:4)
  2 fenstrider witches
  8 vault wardens
  3 orc warlords
  2 ghouls (Swamp:3)
  13 ironbound preservers
  3 war gargoyles
  4 eleionomae
  A deep elf demonologist (Vaults:3)
  2 very ugly things (Swamp:4)
  2 ironbound thunderhulks (Vaults:3)
  5 bunyips
  Snorg (Lair:5)
  A crystal guardian (Vaults:4)
  12 dire elephants (Vaults:1)
  A green death (Swamp:4)
  4 yaktaur captains
  Josephine (D:14)
  A fire dragon (D:14)
  A great orb of eyes (Swamp:4)
  5 boulder beetles
  Harold (D:9)
  17 hydras
  A catoblepas (Lair:5)
  Erolcha (Orc:2)
  4 peacekeepers
  9 vault guards
  2 hell beasts (Swamp:4)
  An ogre mage (D:15)
  5 ironbound frosthearts
  8 centaur warriors
  11 two-headed ogres
  12 alligators
  A shock serpent (shapeshifter) (Vaults:1)
  A thrashing horror (Swamp:4)
  A deep troll earth mage (D:11)
  8 hell knights (D:11)
  Nergalle (D:11)
  2 orc high priests
  A skeletal warrior (Vaults:2)
  5 goliath frogs
  19 deep trolls
  5 spriggan druids
  A death drake (Swamp:4)
  Lodul (D:11)
  9 swamp dragons
  A glowing orange brain (D:15)
  2 wizards
  8 harpies
  9 bog bodies
  8 ironbound convokers
  A large abomination (Swamp:4)
  2 phantasmal warriors
  5 lindwurms
  Pikel (D:6)
  2 harpies (shapeshifter)
  3 necromancers
  2 orc sorcerers (Orc:2)
  3 orc knights (Orc:2)
  25 ugly things
  2 wolf spiders
  8 will-o-the-wisps
  5 manticores
  4 cyclopes
  A salamander (shapeshifter) (D:13)
  24 elephants
  A guardian serpent (Lair:5)
  A water nymph (shapeshifter) (D:15)
  9 black mambas
  9 vault sentinels
  19 cane toads
  Maggie (D:6)
  An orange demon (Swamp:4)
  A rime drake (shapeshifter) (D:15)
  2 gargoyles
  Psyche (D:12)
  4 kobold demonologists
  2 unseen horrors (D:11)
  11 yaktaurs
  A rime drake (Lair:4)
  2 freezing wraiths
  A tengu conjurer (D:14)
  5 komodo dragons
  12 polar bears
  Grinder (D:4)
  9 blink frogs
  19 hornets
  7 trolls
  5 tyrant leeches
  29 slime creatures
  A raiju (Lair:5)
  8 dream sheep (Lair:4)
  A centaur simulacrum (D:13)
  17 spriggans
  Sigmund (D:3)
  4 wraiths (D:14)
  A vampire (Bailey)
  14 wyverns
  5 basilisks
  39 yaks
  6 shadows
  10 humans
  5 hogs (D:12)
  3 redbacks (Lair:5)
  5 wargs
  Menkaure (D:4)
  16 swamp worms
  13 vampire mosquitoes
  3 acid dragons
  23 water moccasins
  23 hell hounds
  2 ice beasts
  5 swamp drakes (Swamp:2)
  36 orc warriors
  3 sky beasts
  18 black bears
  17 ogres
  5 centaurs
  16 wolves
  A lemure (D:6)
  4 kobold brigands
  An elf zombie (Ossuary)
  12 bullfrogs
  2 necrophages
  Blork the orc (Orc:2)
  5 gnoll sergeants
  2 scorpions
  4 wights (D:10)
  A hornet simulacrum (D:14)
  20 killer bees
  8 howler monkeys
  7 vampire bats (Bailey)
  8 electric eels
  5 wolf zombies (Bailey)
  2 human zombies (Ossuary)
  A hound (D:5)
  16 orc priests
  Crazy Yiuf (D:6)
  Ijyb (D:3)
  2 iguanas
  Jessica (D:2)
  22 orc wizards
  A hound zombie (Ossuary)
  4 mummies
  Robin (D:3)
  24 gnolls
  5 adders
  A shadow imp (D:5)
  A white imp (D:8)
  An ufetubus (D:7)
  3 adder zombies (Ossuary)
  4 worms
  4 dart slugs
  76 orcs
  6 bats
  4 endoplasms
  2 giant cockroaches
  4 gnoll zombies (Ossuary)
  16 goblins
  8 hobgoblins
  4 jackals (D:2)
  2 quokkas (D:4)
  9 ball pythons
  4 frilled lizards
  4 goblin zombies
  3 hobgoblin zombies
  4 jackal zombies (Ossuary)
  21 kobolds
  3 kobold zombies (Ossuary)
  22 orc zombies
  2 quokka zombies (Ossuary)
  5 rats
  3 rat zombies (Ossuary)
  3 butterflies (Lair:2)
1158 creatures vanquished.

Vanquished Creatures (others)
  A lich (Vaults:4)
  2 bloated husks
  2 hornets
  A tyrant leech (Swamp:2)
  2 spriggans
  A killer bee (D:11)
  A bush (Lair:2)
  60 foxfires
  67 fungi
  100 plants
237 creatures vanquished.

Grand Total: 1395 creatures vanquished

Notes
Turn   | Place    | Note
-------+----------+-------------------------------------------
     0 | D:1      | nono the Palentonga Fighter began the quest for the Orb.
     0 | D:1      | Reached XP level 1. HP: 19/19 MP: 1/1
   339 | D:1      | Reached XP level 2. HP: 25/25 MP: 2/2
   959 | D:2      | Reached XP level 3. HP: 28/31 MP: 3/3
  1229 | D:2      | Noticed Jessica
  1241 | D:2      | Killed Jessica
  1275 | D:2      | Reached XP level 4. HP: 37/37 MP: 4/4
  1394 | D:3      | Noticed Ijyb
  1426 | D:3      | Noticed Robin
  1437 | D:3      | Killed Ijyb
  1441 | D:3      | Killed Robin
  1759 | D:3      | Found the macabre finger necklace {rN+}
  1816 | D:3      | Noticed Sigmund
  1823 | D:3      | Killed Sigmund
  1824 | D:3      | Reached XP level 5. HP: 43/44 MP: 5/5
  1824 | D:3      | Reached XP level 6. HP: 50/51 MP: 6/6
  2115 | D:4      | Found a staircase to the Ecumenical Temple.
  2129 | Temple   | Entered the Ecumenical Temple
  2225 | Temple   | Became a worshipper of Warmaster Okawaru
  2281 | D:4      | Found a shadowy altar of Dithmenos.
  2282 | D:4      | Found a glowing golden altar of the Shining One.
  2282 | D:4      | Found an ancient bone altar of Kikubaaqudgha.
  2283 | D:4      | Found a hide-covered altar of Uskayaw.
  2431 | D:4      | Noticed Grinder
  2433 | D:4      | Paralysed by Grinder for 2 turns
  2441 | D:4      | Killed Grinder
  2441 | D:4      | Reached * piety under Okawaru
  2442 | D:4      | Gained mutation: You curl defensively after being hit. (AC
                  | +7*) [Palentonga growth]
  2442 | D:4      | Reached XP level 7. HP: 33/58 MP: 7/7
  2443 | D:4      | Reached skill level 5 in Fighting
  2447 | D:4      | Found a glowing drain.
  2462 | Sewer    | Entered a sewer
  2714 | D:4      | Noticed Menkaure
  2721 | D:4      | HP: 4/88 [Menkaure (5)]
  2722 | D:4      | Killed Menkaure
  3090 | D:3      | Found a broken altar of Ashenzari.
  3090 | D:3      | Found an opulent altar of Gozag.
  3860 | D:5      | Entered Level 5 of the Dungeon
  3886 | D:5      | Reached skill level 5 in Shields
  3886 | D:5      | Reached XP level 8. HP: 45/67 MP: 8/8
  3910 | D:5      | Reached skill level 5 in Axes
  3941 | D:5      | Found a sand-covered staircase.
  3949 | Ossuary  | Entered an ossuary
  4253 | Ossuary  | Reached ** piety under Okawaru
  4405 | D:5      | Found a sparkling altar of Nemelex Xobeh.
  4480 | D:5      | Found Husid's Tremendous Tomes.
  4662 | D:5      | Reached skill level 5 in Armour
  5232 | D:6      | Noticed Pikel
  5268 | D:6      | Killed Pikel
  5269 | D:6      | Reached XP level 9. HP: 51/75 MP: 8/10
  5387 | D:6      | Noticed Maggie
  5416 | D:6      | Killed Maggie
  5899 | D:6      | Found a runed translucent door.
  5900 | D:6      | Noticed Crazy Yiuf
  5908 | D:6      | Killed Crazy Yiuf
  6191 | D:7      | Reached *** piety under Okawaru
  6993 | D:8      | Reached XP level 10. HP: 82/84 MP: 13/13
  7353 | D:8      | Identified the +0 helmet "Zolar" {Will+ rCorr}
  7760 | D:9      | Noticed a boulder beetle
  7999 | D:9      | Paralysed by a hornet for 3 turns
  8004 | D:9      | Reached **** piety under Okawaru
  8009 | D:9      | Reached skill level 5 in Invocations
  8127 | D:9      | Noticed Harold
  8162 | D:9      | Killed Harold
  8213 | D:9      | Killed a boulder beetle
  8513 | D:9      | Found a staircase to the Lair.
  8848 | D:10     | Entered Level 10 of the Dungeon
  8879 | D:10     | Found a flagged portal.
  8885 | D:10     | You fall into a shaft and drop 1 floor!
  8922 | D:11     | Noticed a brown ugly thing
  8946 | D:10     | Killed a brown ugly thing
  8946 | D:10     | Received a gift from Okawaru
  8947 | D:10     | Reached skill level 1 in Dodging
  8947 | D:10     | Reached XP level 11. HP: 41/93 MP: 13/15
  9055 | Bailey   | Entered a bailey
  9426 | Bailey   | Identified the +1 scale mail of Opruruca {rC+ Str+2 Int+2}
  9427 | Bailey   | Identified the +9 gold dragon scales "Vyces" {rPois rF+ rC+
                  | Will+ Int+4}
  9447 | Bailey   | Identified the +1 ring mail "Fajollac" {Will+ Int+4 Dex+3}
  9694 | D:10     | Noticed a two-headed ogre
  9705 | D:10     | Killed a two-headed ogre
  9712 | D:10     | Reached ***** piety under Okawaru
 10066 | D:10     | Noticed a two-headed ogre
 10085 | D:10     | Killed a two-headed ogre
 10097 | D:10     | Received a gift from Okawaru
 10097 | D:10     | Found the +10 Black Knight's barding {ponderous, rPois rN+}
 10405 | Lair:1   | Entered Level 1 of the Lair of Beasts
 10544 | Lair:1   | Reached skill level 10 in Fighting
 10555 | Lair:1   | Reached skill level 10 in Axes
 10633 | Lair:1   | Reached XP level 12. HP: 103/104 MP: 16/16
 11175 | Lair:1   | Noticed an eight-headed hydra
 11595 | Lair:1   | Killed an eight-headed hydra
 11817 | Lair:2   | Noticed a seven-headed hydra
 11900 | Lair:2   | Found a one-way gate to the infinite horrors of the Abyss.
 11900 | Lair:2   | Noticed qborf's ghost (journeyman DEFE)
 11912 | Lair:2   | Found a transporter.
 11946 | Lair:2   | Found a stormy altar of Qazlal.
 11950 | Lair:2   | Found a transporter.
 12135 | Lair:2   | Identified the +2 barding "Essaqom" {rElec rPois rN++
                  | Will-} (Okawaru gifted it to you on level 2 of the Lair of
                  | Beasts)
 12135 | Lair:2   | Received a gift from Okawaru
 12244 | Lair:2   | Found a staircase to the Swamp.
 12514 | Lair:2   | Killed a seven-headed hydra
 12960 | Lair:3   | Noticed a five-headed hydra
 12972 | Lair:3   | Killed a five-headed hydra
 13279 | Lair:3   | Found a staircase to the Snake Pit.
 13303 | Lair:3   | Reached XP level 13. HP: 114/114 MP: 17/17
 13445 | Lair:3   | Reached skill level 10 in Armour
 14325 | Lair:4   | Identified the +1 barding of the Shrike {+Inv} (Okawaru
                  | gifted it to you on level 4 of the Lair of Beasts)
 14325 | Lair:4   | Received a gift from Okawaru
 14944 | Lair:4   | Found a staircase to the Slime Pits.
 15490 | Lair:5   | Entered Level 5 of the Lair of Beasts
 16188 | Lair:5   | Reached ****** piety under Okawaru
 16214 | Lair:5   | Received a gift from Okawaru
 16581 | Lair:5   | Reached XP level 14. HP: 94/126 MP: 18/18
 16669 | Lair:5   | Gained mutation: Your body sometimes deteriorates upon
                  | taking damage. [potion of mutation]
 16669 | Lair:5   | Gained mutation: Your muscles are strong. (Str +4, Int/Dex
                  | -1) [potion of mutation]
 16669 | Lair:5   | Gained mutation: You occasionally lose the ability to read
                  | scrolls when taking damage. [potion of mutation]
 16670 | Lair:5   | Lost mutation: You occasionally lose the ability to read
                  | scrolls when taking damage. [potion of mutation]
 16670 | Lair:5   | Lost mutation: Your muscles are strong. (Str +4, Int/Dex
                  | -1) [potion of mutation]
 16670 | Lair:5   | Gained mutation: You are resistant to electric shocks.
                  | (rElec) [potion of mutation]
 16670 | Lair:5   | Gained mutation: You are frail. (-10% HP) [potion of
                  | mutation]
 16670 | Lair:5   | Gained mutation: You expend magic power (3 MP) to
                  | strengthen your wands. [potion of mutation]
 16671 | Lair:5   | Lost mutation: You are frail. (-10% HP) [potion of
                  | mutation]
 16671 | Lair:5   | Lost mutation: You expend magic power (3 MP) to strengthen
                  | your wands. [potion of mutation]
 16671 | Lair:5   | Lost mutation: Your body sometimes deteriorates upon taking
                  | damage. [potion of mutation]
 16671 | Lair:5   | Gained mutation: You possess an exceptional clarity of
                  | mind. [potion of mutation]
 17030 | Lair:5   | Identified the +9 chain mail "Loeskeot" {rPois Int-5
                  | Slay+3} (Okawaru gifted it to you on level 5 of the Lair of
                  | Beasts)
 17030 | Lair:5   | Received a gift from Okawaru
 17712 | Lair:5   | Noticed Snorg
 17729 | Lair:5   | Killed Snorg
 18857 | D:11     | Identified the +4 hand axe of Gorih {distort, rElec}
                  | (Okawaru gifted it to you on level 11 of the Dungeon)
 18857 | D:11     | Received a gift from Okawaru
 19299 | D:11     | Noticed Lodul
 19313 | D:11     | Killed Lodul
 19334 | D:11     | Noticed Nergalle
 19351 | D:11     | Killed Nergalle
 19520 | D:11     | Found a staircase to the Orcish Mines.
 19780 | D:12     | Received a gift from Okawaru
 19785 | D:12     | Reached XP level 15. HP: 109/135 MP: 19/21
 19993 | D:12     | Found an ancient bone altar of Kikubaaqudgha.
 20056 | D:12     | Noticed Kirke
 20084 | D:12     | Killed Kirke
 20382 | D:12     | Noticed Psyche
 20388 | D:12     | Killed Psyche
 20720 | D:13     | Found a flickering gateway to a bazaar.
 20746 | Bazaar   | Entered a bazaar
 20746 | Bazaar   | Found Wejemma's Antique Armour Boutique.
 20746 | Bazaar   | Found Suemir's Armour Shop.
 20746 | Bazaar   | Found Ivat's Weapon Shop.
 20758 | Bazaar   | Bought a glowing cloak for 225 gold pieces
 21746 | D:14     | Found Ziemmit's Weapon Shoppe.
 21750 | D:14     | Found Zekkium's Magic Scroll Shoppe.
 21751 | D:14     | Found Iwiofoidd's Distillery.
 21751 | D:14     | Found Gydailic's Book Shoppe.
 21868 | D:14     | Reached skill level 15 in Fighting
 21893 | D:14     | Found a gate to the Vaults.
 22312 | D:14     | Reached skill level 15 in Axes
 22316 | D:14     | Found a radiant altar of Vehumet.
 22595 | D:15     | Entered Level 15 of the Dungeon
 22769 | D:15     | Identified the +2 barding of Submission {Drain Fly rElec
                  | Stlth-} (Okawaru gifted it to you on level 15 of the
                  | Dungeon)
 22769 | D:15     | Received a gift from Okawaru
 22882 | D:15     | Reached skill level 10 in Invocations
 23152 | D:15     | Found a staircase to the Depths.
 23472 | D:14     | Noticed Josephine
 23481 | D:14     | Killed Josephine
 23702 | Orc:1    | Entered Level 1 of the Orcish Mines
 24076 | Orc:1    | Found Awor's Vocational Training.
 24081 | Orc:1    | Noticed an orc warlord
 24088 | Arena    | Entered the Arena
 24103 | Arena    | Killed an orc warlord
 24289 | Orc:2    | Entered Level 2 of the Orcish Mines
 24298 | Orc:2    | Found a staircase to the Elven Halls.
 24343 | Orc:1    | Found Vukhlec's Magic Scroll Shop.
 24363 | Orc:1    | Bought a scroll of enchant weapon for 97 gold pieces
 24889 | Orc:2    | Noticed Erolcha
 24895 | Orc:2    | Killed Erolcha
 24896 | Orc:2    | Reached XP level 16. HP: 146/146 MP: 20/23
 24964 | Orc:2    | Noticed Blork the orc
 24990 | Orc:2    | Killed Blork the orc
 25269 | Orc:2    | Found Wadgh's Antique Armour Shoppe.
 25361 | Orc:2    | Found Wiylapn's Antique Weapon Shoppe.
 25367 | Orc:2    | Bought a twisted war axe for 289 gold pieces
 25367 | Orc:2    | Identified the +5 war axe of the Endless Expanse {freeze,
                  | Contam Int+4 Stlth+} (You bought it in a shop on level 2 of
                  | the Orcish Mines)
 25367 | Orc:2    | Bought a runed battleaxe for 323 gold pieces
 25465 | Orc:2    | Found Zerchugo's Book Shoppe.
 25480 | Orc:2    | Found Ice Dea's General Store.
 25662 | Orc:1    | Bought a scroll of blinking for 97 gold pieces
 25662 | Orc:1    | Bought a scroll of blinking for 97 gold pieces
 25662 | Orc:1    | Bought a scroll of blinking for 97 gold pieces
 25850 | Swamp:1  | Entered Level 1 of the Swamp
 26442 | Swamp:1  | Received a gift from Okawaru
 27117 | Swamp:2  | Reached skill level 5 in Dodging
 28482 | Swamp:3  | Noticed a tentacled monstrosity
 28510 | Swamp:3  | Killed a tentacled monstrosity
 28647 | Arena    | Entered the Arena
 28675 | Swamp:3  | HP: 7/147 [will-o-the-wisp/foxfire (8)]
 29360 | D:14     | Bought a potion of curing for 51 gold pieces
 29360 | D:14     | Bought a potion of curing for 51 gold pieces
 29360 | D:14     | Bought a potion of curing for 51 gold pieces
 29360 | D:14     | Bought a potion of curing for 51 gold pieces
 29360 | D:14     | Bought a potion of heal wounds for 85 gold pieces
 29360 | D:14     | Bought a potion of heal wounds for 85 gold pieces
 30046 | Swamp:3  | Identified the +6 scale mail of Divine Compulsion {rElec
                  | Will+ Str+2 Int+4} (Okawaru gifted it to you on level 3 of
                  | the Swamp)
 30046 | Swamp:3  | Received a gift from Okawaru
 30047 | Swamp:3  | Reached XP level 17. HP: 149/155 MP: 23/25
 30512 | Swamp:4  | Entered Level 4 of the Swamp
 32079 | Swamp:4  | Got a decaying rune of Zot
 32498 | Swamp:4  | Received a gift from Okawaru
 32955 | Vaults:1 | Entered Level 1 of the Vaults
 33588 | Vaults:1 | Identified the +5 sling of Cobwebs {vorpal, rElec}
 33608 | Vaults:1 | Noticed Nikola
 33620 | Vaults:1 | Killed Nikola
 34078 | Vaults:1 | Identified the +10 great mace "Xotiton" {elec, rF+ Str+3
                  | Dex+4}
 34084 | Vaults:1 | Identified the +0 barding "Mathro" {rN+} (Okawaru gifted it
                  | to you on level 1 of the Vaults)
 34084 | Vaults:1 | Received a gift from Okawaru
 34096 | Vaults:1 | Reached XP level 18. HP: 65/166 MP: 26/26
 34631 | Vaults:1 | Reached skill level 15 in Armour
 34882 | Vaults:1 | Found a portal to a secret trove of treasure.
 34892 | Trove    | Entered a treasure trove
 34897 | Trove    | Found the +2 Maxwell's thermic engine {flame, freeze}
 34913 | Trove    | Identified the ring of Immorality {rN+ Str+6}
 34922 | Trove    | Identified the ring "Rane Rocidgh" {rF+ rN+ Dex+4}
 34928 | Trove    | Identified the ring "Puriynon" {Fly rN+ MP+9 Str-3 Slay+5}
 34955 | Trove    | Identified the +4 scale mail of the Imp {-Tele Dex+5}
 34957 | Trove    | Identified the +3 barding of a sewer {rF- rC+++ Will+
                  | Str+4}
 35004 | Trove    | Identified the +9 flail "Siphe" {holy, rPois rC+ rCorr
                  | Int-2}
 35808 | Vaults:3 | Noticed Frederick
 35818 | Vaults:3 | Killed Frederick
 36080 | Vaults:3 | Found Boekikul's Armour Shoppe.
 37703 | Vaults:3 | Identified the +4 short sword "Lacertilianslayer" {flame,
                  | Int+5}
 38048 | Vaults:4 | Noticed a lich
 38054 | Vaults:4 | Killed a lich
 38070 | Vaults:4 | Noticed a golden dragon
 38464 | Vaults:4 | Slain by a peacekeeper

Illustrated notes

Levels and vault maps discovered:
D:1:      spicycebolla_arrival_ecumenical, layout_loops_ring,
          grunt_decor_clamped
D:2:      layout_basic, uniq_jessica
D:3:      layout_basic, nicolae_overflow_hidden_temple, hex_intersection,
          ebering_dispersal_statue_hall, nrook_mini_backslash,
          hangedman_decor_lopped, kennysheep_generic_room_7, uniq_sigmund,
          uniq_ijyb, uniq_robin
D:4:      layout_loops_ring, chequers_temple_overflow_statue_of_worship,
          minmay_temple_entry_statues_pillars, cheibrodos_sewer_entry_sluice,
          uniq_menkaure, uniq_grinder
D:5:      layout_basic, amcnicky_altar_gilded, nicolae_ossuary_entry_giza,
          serial_bayou_lagoon_a, nicolae_shop_i_like_big_books
D:6:      layout_rooms, uniq_crazy_yiuf_cottage, uniq_maggie, uniq_pikel
D:7:      layout_loops_cross
D:8:      layout_loops_ring
D:9:      layout_rooms, grunt_lair_entry_orc_guard_hut, uniq_harold
D:10:     layout_roguey, enter_bailey_5
D:11:     nzn_winding_woodlands_three_and_one
          [nzn_winding_woodlands_5x15_concentric,
          nzn_winding_woodlands_5x15_cabin,
          nzn_winding_woodlands_5x15_sidewinder,
          nzn_winding_woodlands_center_diamonds], layout_rooms,
          kennysheep_orc_monster_closet_entryway, minmay_rotating_lava,
          uniq_lodul, uniq_nergalle
D:12:     layout_roguey, serial_aquarium, aquarium_bridge_straight
          [aquarium_subvault_bridge, aquarium_subvault_balcony,
          aquarium_subvault_bridge, aquarium_subvault_wall],
          aquarium_bridge_square [aquarium_subvault_balcony,
          aquarium_subvault_bridge, aquarium_subvault_bridge,
          aquarium_subvault_wall], aquarium_window_2, aquarium_window_fake,
          aquarium_view_2d, aquarium_view_2a, aquarium_balcony_3a,
          aquarium_pool_side, nicolae_kikubaaqudgha_miasma_corner, uniq_kirke,
          uniq_psyche
D:13:     layout_basic, serial_shops, bzr_entry_gold, serial_co_window_serial,
          co_window_paths_b, co_window_paths_a, co_window_paths_b,
          co_window_paths_a, co_window_paths_a, co_window_2corner,
          co_window_broadway_b, co_window_paths_c, co_window_cross_2,
          co_window_4corner_a, glass_columns_b, glass_columns_a,
          glass_columns_a, glass_columns_b
D:14:     layout_cave_pods, ximxim_vaults_locker_room, nicolae_vehumet_radiance,
          minmay_shop_grid_forest, kennysheep_diamond, uniq_josephine
D:15:     gammafunk_enter_depths_forms, layout_cave_pools, special_room
          [special_room_mythical_zoo], chequers_avenue, uniq_azrael
Temple:   bh_familiar_temple
Lair:1:   layout_chaotic_city, nzn_random_ring, lemuel_fruit_tree
Lair:2:   layout_roguey, minmay_swamp_entry_eels,
          gammafunk_ghost_abyssal_escape, basic_altar, lemuel_fruit_fields
Lair:3:   layout_layer_cave, guppyfry_snake_entry_garden, grunt_megastairs_2,
          serial_bayou_shore_a
Lair:4:   layout_gridlike, slime_entry_1, chequers_serial_rivers_small_b,
          beast_lair_carwin_8, grunt_megastairs_4
Lair:5:   hangedman_lair_caniforms_friends, layout_cave_pods,
          hangedman_lair_tendril_chambers, chequers_serial_rivers_small_3,
          serial_bayou_pond_d, patterned_corridor, infiniplex_staircase_pool,
          uniq_snorg
Swamp:1:  layout_basic_swamp, hangedman_swamp_diagram
Swamp:2:  layout_basic_swamp, serial_swamp_ruin, evilmike_swamp_ruin_house_1,
          evilmike_swamp_ruin_house_3, swamp_pool5, infiniplex_staircase_pool_2
Swamp:3:  layout_basic_swamp, evilmike_swamp_ruin_house_2, swamp_pool2,
          nicolae_swamp_wisp_ring_woods
Swamp:4:  swamp_vile, layout_basic_swamp
Orc:1:    layout_caves, serial_shops, shop, nicolae_orc_sculptors_studio,
          nicolae_shop_vocational
Orc:2:    grunt_orc_cross, layout_diamond_mine, uniq_erolcha
Vaults:1: ontoclasm_vaults_ring_square, vaults_dpeg_doors, grunt_vaults_focal,
          nicolae_vaults_branching_niches, v_alt_pattern_6,
          vaults_room_grunt_arrival_ludios, hangedman_vaults_trim,
          ontoclasm_vaults_ligature, v_misc_33, nicolae_vaults_little_squares_2,
          v_misc_17, layout_vaults_ring, enter_trove_2, uniq_nikola
Vaults:2: hangedman_vaults_unwind, nicolae_vaults_twisting_passages, st_cells,
          nicolae_vaults_what_the_h, ontoclasm_vaults_shuriken,
          minmay_crypt_entry_skeletal_spiral, vaults_dpeg_encased_lava,
          layout_vaults_quadrants
Vaults:3: portal_desolation_entry_twin_temple, dpeg_vaults_monster_row,
          nicolae_vaults_yaktaur_gun_rack, nicolae_vaults_border_crossing,
          nicolae_vaults_little_squares_5, nicolae_vaults_theta,
          v_alt_pattern_2, vaults_room_semicircle, vaults_room_door_ring,
          vaults_room_fours, v_rooms_5, layout_vaults_big_cross, serial_shops,
          nicolae_shop_stone, uniq_frederick
Vaults:4: v_misc_15, vaults_standard_mumra_enter_the_diamond, st_star,
          ontoclasm_vaults_ring_large, grunt_vaults_twisty, v_alt_pattern_6,
          vaults_room_fours, v_misc_33, vaults_dpeg_ring, layout_vaults_big_room

Skill      XL: |  1  2  3  4  5  6  7  8  9 10 11 12 13 14 15 16 17 18 |
---------------+-------------------------------------------------------+-----
Shields        | 3 4 5 6 7 8 |  8.0
Armour         | 3 4 5 6 7 8 9 11 12 13 14 15 | 15.9
Axes           | 3 4 6 7 8 10 11 13 14 15 16 17 18 | 18.6
Fighting       | 4 5 6 7 8 10 11 13 14 15 16 17 18 | 18.8
Invocations    | 2 4 6 8 10 11 | 11.0
Dodging        | 1 7 |  7.0

Action                   |  1- 3 |  4- 6 |  7- 9 | 10-12 | 13-15 | 16-18 || total
-------------------------+-------+-------+-------+-------+-------+-------++-------
Melee: War axe           |    22 |       |    71 |   704 |   401 |   113 ||  1311
       Tailslap          |     7 |     9 |    58 |   117 |   277 |   239 ||   707
       Hand axe          |    47 |   100 |   361 |       |       |       ||   508
       Whip              |       |       |       |    27 |    19 |       ||    46
       Broad axe         |       |       |       |       |   730 |   710 ||  1440
       Battleaxe         |       |       |       |       |   200 |   152 ||   352
       Demon whip        |       |       |       |       |     6 |       ||     6
       Executioner's axe |       |       |       |       |       |   249 ||   249
Invok: Heroism           |       |       |     9 |    17 |    28 |    35 ||    89
       Duel              |       |       |       |       |     1 |     1 ||     2
       Finesse           |       |       |       |       |       |     1 ||     1
Evoke: Wand              |       |       |       |     6 |       |       ||     6
  Use: Potion            |       |     2 |     1 |     1 |     7 |     4 ||    15
       Scroll            |       |       |     7 |     9 |    11 |    14 ||    41
 Stab: Invisible         |       |       |       |       |     9 |       ||     9
       Petrified         |       |       |       |       |     7 |       ||     7
       Petrifying        |       |       |       |       |     3 |       ||     3
       Distracted        |       |       |       |       |     2 |     1 ||     3
       Confused          |       |       |       |       |       |     3 ||     3
Armor: Scale mail        |    25 |    16 |       |       |       |       ||    41
       Leather armour    |       |    41 |   123 |    65 |       |       ||   229
       Ring mail         |       |       |       |    73 |       |       ||    73
       Gold dragon scale |       |       |       |   376 |   952 |  1084 ||  2412
Dodge: Dodged            |    24 |    29 |   154 |   202 |   241 |   286 ||   936
Block: Buckler           |     9 |    14 |       |       |       |       ||    23
       Kite shield       |       |     9 |   159 |   692 |   786 |       ||  1646
       Reflection        |       |       |     3 |     9 |    20 |    25 ||    57
       Tower shield      |       |       |       |       |   139 |   872 ||  1011
       Other             |       |       |       |       |    39 |   106 ||   145

Table legend: (Time is in decaauts)
 A = Elapsed time spent in this place.
 B = Non-inter-level travel time spent in this place.
 C = Inter-level travel time spent in this place.
 D = Time resting spent in this place.
 E = Time spent auto-exploring this place.
 F = Levels seen in this place.
 G = Mean time per level.
                   A        B        C        D        E       F      G
               +--------+--------+--------+--------+--------+-----+--------+
         Total |  40039 |  37170 |   2869 |   5421 |  22027 |  38 | 1053.7 |
       Dungeon |  15932 |  14235 |   1697 |   1432 |   9212 |  15 | 1062.1 |
        Temple |    112 |    112 |      0 |      0 |      0 |   1 |  112.0 |
          Lair |   8598 |   7967 |    631 |    313 |   5838 |   5 | 1719.6 |
         Swamp |   6815 |   6453 |    362 |   2018 |   2497 |   4 | 1703.8 |
  Orcish Mines |   1870 |   1798 |     72 |      0 |   1362 |   2 |  935.0 |
        Vaults |   5354 |   5249 |    105 |   1462 |   2788 |   4 | 1338.5 |
        Bazaar |     21 |     21 |      0 |      0 |      0 |   1 |   21.0 |
         Trove |    153 |    153 |      0 |      0 |      0 |   1 |  153.0 |
         Sewer |    180 |    180 |      0 |     88 |      0 |   1 |  180.0 |
       Ossuary |    379 |    379 |      0 |      0 |    225 |   1 |  379.0 |
        Bailey |    568 |    568 |      0 |     91 |    103 |   1 |  568.0 |
         Arena |     50 |     50 |      0 |     16 |      0 |   2 |   25.0 |
               +--------+--------+--------+--------+--------+-----+--------+

Top non-repeatable levels by time:
  Lair:5: 2640 daAuts
Vaults:3: 2565 daAuts
 Swamp:2: 2395 daAuts
Vaults:1: 2284 daAuts
    D:11: 2052 daAuts
 Swamp:3: 1909 daAuts
 Swamp:4: 1766 daAuts
  Lair:1: 1632 daAuts
  Lair:2: 1606 daAuts
  Lair:3: 1442 daAuts
   Orc:2: 1343 daAuts
    D:14: 1287 daAuts
  Lair:4: 1277 daAuts
    D:13: 1231 daAuts
     D:3: 1226 daAuts
